 Dungeon Crawl Stone Soup version 0.31.0-11-ge490571c62 (webtiles) character file.

Game seed: 13040148238434859376

53 qw the Shooter (level 3, 0/20 HPs)
             Began as a Deep Elf Hunter on Feb 4, 2024.
             Killed from afar by an orc wizard (9 damage)
             ... with a puff of flame
             ... on level 3 of the Dungeon.
             The game lasted 00:00:05 (1715 turns).

qw the Shooter (Deep Elf Hunter)                    Turns: 1715, Time: 00:00:06

Health: 0/20       AC:  3    Str: 10    XL:     3   Next: 64%
Magic:  5/5        EV: 12    Int: 13    God:
Gold:   105        SH:  0    Dex: 18    Spells: 2/2 levels left

rFire   . . .        a - +0 shortbow
rCold   . . .        (shield currently unavailable)
rNeg    . . .        c - +0 leather armour
rPois   +            (no helmet)
rElec   .            (no cloak)
rCorr   +            (no gloves)
SInv    .            (no boots)
Will    .....        (no amulet)
Stlth   ++           f - ring of poison resistance
HPRegen 0.23/turn    l - ring of resist corrosion
MPRegen 0.09/turn

%: no passive effects
@: no status effects
A: no striking features
a: no special abilities


You were on level 3 of the Dungeon.
You visited 1 branch of the dungeon, and saw 3 of its levels.

You collected 105 gold pieces.


   Skills:
 - Level 1.5 Fighting
 + Level 7.1 Ranged Weapons
 - Level 2.4 Dodging
 - Level 1.2 Stealth


You had 2 spell levels left.
You didn't know any spells.
Your spell library was empty.

Inventory:

Hand Weapons
 a - a +0 shortbow (weapon)
Armour
 c - a +0 leather armour (worn)
Jewellery
 f - a ring of poison resistance (left hand)
 l - a ring of resist corrosion (right hand)
Potions
 b - a potion of curing
 e - a potion of cancellation {unknown}
 g - a potion of invisibility {unknown}
 j - a potion of haste

Dungeon Overview and Level Annotations

Branches:
Dungeon (3/15)

Altars:


Message History

1704 ||| RETREEEEATING.
The orc priest casts a cantrip, but nothing happens.
You shoot an arrow. The arrow closely misses the orc.
You shoot an arrow.
The arrow hits the orc but does no damage.
You shoot an arrow. The arrow barely misses the orc.
The arrow hits the orc.
The orc is heavily wounded.
The orc hits you with a +0 dagger.
You shoot an arrow. The arrow closely misses the orc.
The arrow hits the orc but does no damage.
The orc is heavily wounded.
The orc hits you with a +0 dagger. Something hits you.
You shoot an arrow. The arrow closely misses the orc.
The arrow hits the orc!
You kill the orc!
The orc hits you with a +0 dagger.
You shoot an arrow.
The arrow hits the orc but does no damage.
You shoot an arrow. The arrow hits the orc priest.
The orc priest is lightly wounded.
The orc priest hits you but does no damage.
Something hits you.
You shoot an arrow. The arrow hits the orc.
The orc is heavily wounded.
You shoot an arrow. The arrow closely misses the orc.
The arrow hits the orc priest!
The orc priest is heavily wounded.
The orc hits you with a +0 short sword. Something hits you.
You shoot an arrow.
The arrow hits the orc but does no damage.
The orc is heavily wounded.
The orc hits you but does no damage.
The orc priest mumbles some strange prayers to Beogh against you.
Something writhes in agony.
You shoot an arrow. The arrow hits the orc.
You kill the orc!
The orc hits you with a +0 short sword.
You hear some strange, mumbled words.
A puff of flame appears from out of thin air!
The puff of flame hits you!
You die...

#############
.##........o{@#
............o)####
............oo.....
...................
....................
.......<#+##........
...###### .........
......... .......


You could see an orc priest and 3 orcs.

Vanquished Creatures
  An adder (D:2)
  2 dart slugs (D:1)
  2 orcs (D:3)
  2 bats (D:2)
  3 endoplasms
  3 giant cockroaches
  2 goblins
  5 hobgoblins
  2 jackals (D:1)
  6 kobolds
  A quokka (D:1)
  2 ball pythons
  7 rats
38 creatures vanquished.

Notes
Turn   | Place    | Note
-------+----------+-------------------------------------------
     0 | D:1      | qw the Deep Elf Hunter began the quest for the Orb.
     0 | D:1      | Reached XP level 1. HP: 12/12 MP: 3/3
     0 | D:1      | 0 ||| qw: Version: 0.3-a-160-g6735b56
     0 | D:1      | 0 ||| qw: Game counter: 4841
     0 | D:1      | 0 ||| qw: Melee chars always use a shield: true
     0 | D:1      | 0 ||| qw: God list: Okawaru
     0 | D:1      | 0 ||| qw: Allow faded altars: false
     0 | D:1      | 0 ||| qw: Do Orc after clearing Dungeon:15 true
     0 | D:1      | 0 ||| qw: Do second Lair branch before Depths: true
     0 | D:1      | 0 ||| qw: Lair rune preference: random
     0 | D:1      | 0 ||| qw: Goals: Normal
     0 | D:1      | 0 ||| PLANNING D:1-11
    60 | D:1      | Reached skill level 6 in Ranged Weapons
    60 | D:1      | Reached XP level 2. HP: 16/16 MP: 4/4
    60 | D:1      | Found a faded altar of an unknown god.
   594 | D:1      | 594 ||| UPGRADING to ring of poison resistance.
   595 | D:1      | 595 ||| READING 3 scrolls labelled XUAGURH KAUCLU.
   596 | D:1      | 596 ||| READING scroll labelled XUPUUFODAKU.
   597 | D:1      | 597 ||| READING scroll labelled RUIRRIG LENIS.
   698 | D:1      | 698 ||| DRINKING 2 brown potions.
   699 | D:1      | 699 ||| DROPPING scroll of butterflies.
   700 | D:1      | 700 ||| DROPPING 2 scrolls of fog.
   783 | D:2      | Reached XP level 3. HP: 20/20 MP: 5/5
  1293 | D:2      | Reached skill level 7 in Ranged Weapons
  1585 | D:2      | 1585 ||| UPGRADING to ring of resist corrosion.
  1586 | D:2      | 1586 ||| READING scroll labelled ARCHIGGE CAAHUM.
  1587 | D:2      | 1587 ||| READING 2 scrolls labelled YDWONNI GUPLEW.
  1587 | D:2      | 1587 ||| IDENTIFYING purple potion
  1588 | D:2      | 1588 ||| READING scroll of identify.
  1588 | D:2      | 1588 ||| IDENTIFYING sedimented coppery potion
  1589 | D:2      | 1589 ||| READING scroll labelled DUCUAT IRRONA.
  1690 | D:2      | 1690 ||| DROPPING potion of attraction.
  1699 | D:3      | 1699 ||| RETREEEEATING.
  1700 | D:3      | 1700 ||| RETREEEEATING.
  1701 | D:3      | 1701 ||| RETREEEEATING.
  1702 | D:3      | 1702 ||| RETREEEEATING.
  1703 | D:3      | 1703 ||| RETREEEEATING.
  1704 | D:3      | 1704 ||| RETREEEEATING.
  1715 | D:3      | Killed from afar by an orc wizard

Levels and vault maps discovered:
D:1:      wheals_arrival_shading, layout_loops_ring,
          hellmonk_ecumenical_altar_run_dry
D:2:      layout_basic, solitary_fountain
D:3:      layout_basic, amcnicky_altar_gilded

Skill      XL: |  1  2  3 |
---------------+----------+-----
Ranged Weapons | 6 7 |  7.1
Fighting       | |  1.5
Dodging        | |  2.4
Stealth        | |  1.2

Action                     || total
---------------------------++-------
   Fire: Shortbow          ||   100
    Use: Scroll            ||     7
         Potion            ||     1
 Armour: Leather armour    ||    19
  Dodge: Dodged            ||    15

Table legend:
 A = Non-vault XP
 B = Vault XP
 C = Vault XP percentage of total XP
 D = Non-vault monster count
 E = Vault monster count
 F = Vault count percentage of total count
                 A         B        C        D         E       F
            +---------+---------+-------+---------+---------+-------
      Total |      80 |       0 |   0.0 |      38 |       0 |   0.0
            +---------+---------+-------+---------+---------+-------
        D:1 |      37 |       0 |   0.0 |      20 |       0 |   0.0
        D:2 |      37 |       0 |   0.0 |      16 |       0 |   0.0
        D:3 |       6 |       0 |   0.0 |       2 |       0 |   0.0
            +---------+---------+-------+---------+---------+-------
